 Dungeon Crawl Stone Soup version 0.21-a0-625-g1119ec1 (webtiles) character file.

26392 Gorice the Fighter (level 12, -9/106 HPs)
             Began as a Demonspawn Wanderer on Dec 23, 2017.
             Was an Elder of Yredelemnul.
             Mangled by a spiny frog (16 damage)
             ... on level 4 of the Lair of Beasts on Dec 24, 2017.
             The game lasted 01:08:53 (14922 turns).

Gorice the Fighter (Demonspawn Wanderer)           Turns: 14922, Time: 01:08:54

Health: -9/106     AC: 20    Str: 24    XL:     12   Next: 97%
Magic:  12/12      EV: 12    Int: 15    God:    Yredelemnul [****..]
Gold:   1046       SH:  0    Dex: 15    Spells: 11/11 levels left

rFire    . . .     SeeInvis .   b - +3 hand crossbow
rCold    + . .     Gourm    .   (no shield)
rNeg     . . .     Faith    .   D - +0 plate armour (curse)
rPois    +         Spirit   .   (helmet restricted)
rElec    .         Reflect  .   (no cloak)
rCorr    .         Harm     .   z - +0 pair of gloves
MR       .....                  (no boots)
Stlth    ..........             A - amulet of magic regeneration (curse)
HPRegen  0.27/turn              E - ring of protection from cold
MPRegen  0.38/turn              p - ring of poison resistance

@: mighty, agile, lethally poisoned (-9 -> -12)
A: antennae 2, icy blue scales 2, powered by pain 2, spiny 1
a: Recall Undead Slaves, Injury Mirror, Animate Dead, Drain Life, Renounce
Religion


You were on level 4 of the Lair of Beasts.
You worshipped Yredelemnul.
Yredelemnul was greatly pleased with you.
You were not hungry.

You visited 4 branches of the dungeon, and saw 16 of its levels.
You also visited: Sewer.

You collected 1306 gold pieces.
You spent 260 gold pieces at shops.

Inventory:

Hand Weapons
 a - the +1 trident of Ointment {protect, Int+4}
   (You found it on level 5 of the Dungeon)

   It protects the one who uses it against injury (+AC on strike).
   It affects your intelligence (+4).
 b - a +3 hand crossbow (weapon)
 h - a +0 quarterstaff
Missiles
 d - 38 bolts (quivered)
 i - 4 steel tomahawks
 n - 4 poisoned tomahawks
 v - 17 tomahawks
 Z - 3 throwing nets
Armour
 w - +0 ice dragon scales
 z - a +0 pair of gloves (worn)
 D - a cursed +0 plate armour (worn)
Jewellery
 c - an uncursed amulet of faith {!P}
 p - a ring of poison resistance (right hand)
 r - an uncursed ring of positive energy
 A - a cursed amulet of magic regeneration (around neck)
 E - a ring of protection from cold (left hand)
 F - an uncursed ring of flight
 I - an uncursed amulet of regeneration {unknown}
 O - an uncursed ring of positive energy
Wands
 g - a wand of disintegration (39)
 s - a wand of digging (20)
 u - a wand of random effects (29)
 y - a wand of acid (4)
 M - a wand of scattershot (5)
Scrolls
 e - 2 scrolls of remove curse
 m - 2 scrolls of fear {!r}
 t - 4 scrolls of teleportation {!r}
 H - a scroll of enchant armour {unknown}
 J - a scroll of blinking
Potions
 j - 4 potions of lignification {!q}
 k - 2 potions of might {!q}
 l - 4 potions of curing
 o - a potion of berserk rage
 q - 2 potions of heal wounds {!q}
 x - a potion of magic {!q}
 B - 2 potions of haste {!q}
 C - a potion of agility {unknown}
 K - a potion of cancellation {!q}
Miscellaneous
 G - a lightning rod (4/4) {!a}
Comestibles
 f - 16 rations
 L - 4 chunks of flesh


   Skills:
 + Level 13.9 Fighting
   Level 1.0 Axes
 - Level 10.0 Crossbows
 - Level 1.0 Throwing
 + Level 12.4 Armour
 - Level 1.0 Stealth


You had 11 spell levels left.
You didn't know any spells.

Dungeon Overview and Level Annotations

Branches:
Dungeon (9/15)             Temple (1/1) D:4            Lair (4/6) D:9
  Swamp (0/4) Lair:2       Spider (0/4) Lair:3          Orc (2/2) D:9
    Elf: Orc:2

Altars:
Ashenzari
Cheibriados
Dithmenos
Elyvilon
Fedhas
Gozag
Hepliaklqana
Kikubaaqudgha
Makhleb
Nemelex Xobeh
Okawaru
Qazlal
Ru
Sif Muna
Trog
Uskayaw
Vehumet
Wu Jian
Xom
Yredelemnul
Zin
The Shining One

Shops:
D:4 }   D:9 (=%}

Annotations:
Lair:2 vpUX: fire vault:2 transporters
Orc:2 pUX:Roka!, exclusion: door, Saint Roka


Innate Abilities, Weirdness & Mutations

You have a pair of antennae on your head.
You are mostly covered in icy blue scales. (AC +3)
You sometimes gain power by taking damage.
You are partially covered in sharp spines.


Message History

Press: ? - help, Shift-Dir - straight line, f/p - spiny frog
Aim: a spiny frog (severely wounded)
You shoot a bolt. The bolt hits the spiny frog.
The spiny frog is almost dead.
You feel sick.
The spiny frog stings you but does no damage.
The spiny frog stings you.
* * * LOW HITPOINT WARNING * * *
Damage: 4 (max 16) Firing (i - inventory. (,) - cycle):
d - 41 bolts (quivered)
Press: ? - help, Shift-Dir - straight line, f/p - spiny frog
Aim: a spiny frog (almost dead)
You shoot a bolt.
The bolt hits the spiny frog but does no damage.
The spiny frog is almost dead.
You feel sick.
The spiny frog is struck by your spines.
The spiny frog barely misses you. The spiny frog stings you!
* * * LOW HITPOINT WARNING * * *
You focus on the pain.
You feel very mighty all of a sudden. The spiny frog stings you!
* * * LOW HITPOINT WARNING * * *
A bullfrog comes into view.
Damage: 20 (max 20) Firing (i - inventory. (,) - cycle):
d - 40 bolts (quivered)
Press: ? - help, Shift-Dir - straight line, f/p - spiny frog
Aim: a spiny frog (almost dead)
You shoot a bolt. The bullfrog croaks.
The bolt hits the spiny frog.
The spiny frog is almost dead.
You feel sick. The spiny frog stings you.
* * * LOW HITPOINT WARNING * * *
The spiny frog stings you!
* * * LOW HITPOINT WARNING * * *
Damage: 15 (max 20) Unknown command.
Unknown command.
Firing (i - inventory. (,) - cycle):
d - 39 bolts (quivered)
Press: ? - help, Shift-Dir - straight line, f/p - spiny frog
Aim: a spiny frog (almost dead)
You shoot a bolt.
The bolt hits the spiny frog but does no damage.
The spiny frog is almost dead.
You feel sick. The spiny frog stings you.
* * * LOW HITPOINT WARNING * * *
The spiny frog stings you!
You die...
Your body rises from the dead as a mindless zombie.

..........#
..........#
..........#
.........##
.....F.<..#
..........#
.........## #...
........F## #≈..#
.........@## {....#
#........F.# .....
####.....(### ...
##....(#.####.#####
##.....#†#........
#....##.#(...#
##...#.##....#
......# #....#
###....##.....(..


You could see 2 spiny frogs and a bullfrog.

Vanquished Creatures
  3 hydras
  5 two-headed ogres
  An orc knight (Orc:2)
  The ghost of p0werm0de the Covert, a novice OpEn of Xom (D:6)
  An elephant (Lair:3)
  6 spiny frogs
  3 black mambas
  A rime drake (Lair:3)
  A komodo dragon (Lair:2)
  A troll (Orc:1)
  4 blink frogs (Lair:2)
  The ghost of Amnesiac the Insei, an amateur OpTm (D:3)
  2 hippogriffs
  Sigmund (D:3)
  A redback (Lair:3)
  14 yaks
  3 basilisks
  2 hungry ghosts (D:8)
  2 hell hounds (D:9)
  4 water moccasins
  6 porcupines
  3 ice beasts
  12 orc warriors
  A sky beast (D:8)
  7 ogres
  A big kobold (Sewer)
  8 crocodiles
  12 bullfrogs
  2 scorpions
  An electric eel (Lair:3)
  12 howler monkeys
  3 wights (D:8)
  3 crimson imps
  2 centaur zombies
  2 jellies
  9 orc priests
  2 hounds (D:8)
  12 orc wizards
  A bullfrog skeleton (D:6)
  Jessica (D:3)
  2 iguanas
  6 worker ants
  2 hound skeletons
  A howler monkey skeleton (D:6)
  A worker ant zombie (D:6)
  9 adders
  3 gnolls (D:7)
  2 shadow imps
  An ooze (D:5)
  3 worms
  2 dart slugs
  4 leopard geckos
  72 orcs
  2 giant cockroaches (D:3)
  9 goblins
  11 hobgoblins
  17 jackals
  3 quokkas
  A ball python (D:5)
  14 bats
  4 frilled lizards
  A jackal skeleton (D:5)
  7 kobolds
  A quokka skeleton (D:5)
  A quokka zombie (D:6)
  8 rats
  A plant (Lair:3)
345 creatures vanquished.

Vanquished Creatures (collateral kills)
  A hippogriff (Lair:2)
  A water moccasin (Lair:2)
  2 orc warriors (Orc:2)
  A crocodile (Lair:2)
5 creatures vanquished.

Vanquished Creatures (others)
  A flying skull (Orc:2)
  2 wraiths
  A mummy (Orc:2)
  A fungus (Lair:1)
  3 plants (Lair:4)
8 creatures vanquished.

Grand Total: 358 creatures vanquished

Notes
Turn   | Place    | Note
-------+----------+-------------------------------------------
     0 | D:1      | Gorice the Demonspawn Wanderer began the quest for the Orb.
     0 | D:1      | Gorice set off with: a +2 hand crossbow, 25 bolts, a +0 ring mail, a +0 hand axe, a ration
     0 | D:1      | Reached XP level 1. HP: 15/15 MP: 1/1
    20 | D:1      | Reached skill level 2 in Crossbows
   190 | D:1      | Gained mutation: You sometimes gain a little power by taking damage. [demonic ancestry]
   190 | D:1      | Reached XP level 2. HP: 21/21 MP: 2/2
   809 | D:2      | Gained mutation: You have a pair of small antennae on your head. [demonic ancestry]
   809 | D:2      | Reached XP level 3. HP: 26/26 MP: 3/3
   820 | D:2      | Reached skill level 4 in Armour
   873 | D:2      | Reached skill level 3 in Crossbows
  1117 | D:2      | Gained mutation: You are partially covered in icy blue scales. (AC +2) [demonic ancestry]
  1117 | D:2      | Reached XP level 4. HP: 23/32 MP: 4/4
  1594 | D:3      | Noticed Amnesiac's ghost (amateur OpTm)
  1620 | D:3      | Noticed Jessica
  1622 | D:3      | Killed Jessica
  1627 | D:3      | Reached skill level 4 in Crossbows
  1627 | D:3      | Gained mutation: You have a pair of antennae on your head. [demonic ancestry]
  1627 | D:3      | Reached XP level 5. HP: 23/37 MP: 5/5
  1854 | D:3      | Found a glowing drain.
  1859 | Sewer    | Entered a sewer
  2047 | Sewer    | Found a white marble altar of Elyvilon.
  2236 | D:3      | Noticed Sigmund
  2251 | D:3      | HP: 10/37 [something/puff of flame (8)]
  2265 | D:3      | HP: 10/37 [worker ant (1)]
  2282 | D:3      | HP: 11/37 [Amnesiac's ghost (1)]
  2286 | D:2      | HP: 2/37 [worker ant (4)]
  2288 | D:2      | Reached XP level 6. HP: 10/43 MP: 6/6
  2608 | D:3      | Killed Sigmund
  2608 | D:3      | Reached skill level 5 in Crossbows
  2608 | D:3      | Reached skill level 5 in Armour
  2620 | D:3      | Killed Amnesiac's ghost
  2620 | D:3      | Reached skill level 6 in Crossbows
  2620 | D:3      | Gained mutation: You are partially covered in sharp spines. [demonic ancestry]
  2620 | D:3      | Reached XP level 7. HP: 21/48 MP: 7/7
  2807 | D:4      | Found a staircase to the Ecumenical Temple.
  2830 | Temple   | Entered the Ecumenical Temple
  2938 | Temple   | Became a worshipper of Yredelemnul the Dark
  3042 | D:4      | Found Beleuxet's Gadget Boutique.
  3059 | D:4      | Found a sacrificial altar of Ru.
  3315 | D:4      | Found a sacrificial altar of Ru.
  3325 | D:4      | Found a shadowy altar of Dithmenos.
  3328 | D:4      | Found a deep blue altar of Sif Muna.
  3330 | D:4      | Found a stormy altar of Qazlal.
  3727 | D:5      | Entered Level 5 of the Dungeon
  3785 | D:5      | Reached skill level 7 in Crossbows
  3785 | D:5      | Reached skill level 6 in Armour
  3805 | D:5      | Got a translucent trident
  3806 | D:5      | Identified the cursed +1 trident of Ointment {protect, Int+4} (You found it on level 5 of the Dungeon)
  4245 | D:5      | Reached XP level 8. HP: 54/54 MP: 8/8
  4299 | D:5      | Upgraded the game from 0.21-a0-621-gc60411f to 0.21-a0-625-g1119ec1
  4767 | D:6      | Reached skill level 8 in Crossbows
  5067 | D:6      | Noticed p0werm0de's ghost (novice OpEn)
  5076 | D:6      | Killed p0werm0de's ghost
  5076 | D:6      | Reached * piety under Yredelemnul
  5076 | D:6      | Reached skill level 9 in Crossbows
  5076 | D:6      | Reached skill level 7 in Armour
  5076 | D:6      | Reached XP level 9. HP: 59/59 MP: 9/9
  5654 | D:7      | Reached ** piety under Yredelemnul
  5958 | D:7      | Reached skill level 10 in Crossbows
  6115 | D:7      | Found a glowing golden altar of the Shining One.
  6412 | D:8      | Reached skill level 8 in Armour
  6416 | D:8      | Reached skill level 2 in Fighting
  6417 | D:8      | Found a sparkling altar of Nemelex Xobeh.
  6665 | D:8      | Reached skill level 3 in Fighting
  7059 | D:8      | Reached skill level 4 in Fighting
  7105 | D:8      | Gained mutation: You sometimes gain power by taking damage. [demonic ancestry]
  7105 | D:8      | Reached XP level 10. HP: 48/72 MP: 10/10
  7230 | D:9      | Reached *** piety under Yredelemnul
  7245 | D:9      | Noticed a two-headed ogre
  7304 | D:8      | Reached skill level 9 in Armour
  7482 | D:9      | Killed a two-headed ogre
  7482 | D:9      | Reached skill level 5 in Fighting
  7704 | D:9      | Found a staircase to the Lair.
  7712 | D:9      | Found a staircase to the Orcish Mines.
  7719 | D:9      | Found Cale's Jewellery Emporium.
  7720 | D:9      | Found Caelefag's Weapon Emporium.
  7722 | D:9      | Found Qezaach's Gadget Emporium.
  7722 | D:9      | Found Diul's Food Emporium.
  7841 | D:9      | Reached skill level 11 in Fighting
  7841 | D:9      | Reached XP level 11. HP: 93/93 MP: 11/11
  7896 | Lair:1   | Entered Level 1 of the Lair of Beasts
  8075 | Lair:1   | Noticed a six-headed hydra
  8087 | Lair:1   | HP: 27/93 [six-headed hydra (6)]
  8096 | Lair:1   | HP: 23/93 [six-headed hydra (6)]
  8096 | Lair:1   | HP: 8/93 [six-headed hydra (8)]
  8122 | Lair:1   | HP: 11/93 [bullfrog (4)]
  8149 | Lair:1   | HP: 16/93 [bullfrog (2)]
  8295 | Orc:1    | Entered Level 1 of the Orcish Mines
  8611 | Orc:2    | Entered Level 2 of the Orcish Mines
  8664 | Orc:2    | Noticed a two-headed ogre
  8673 | Orc:2    | Killed a two-headed ogre
  8673 | Orc:2    | Reached skill level 10 in Armour
  8695 | Orc:2    | Noticed a two-headed ogre
  8705 | Orc:2    | HP: 20/93 [two-headed ogre/giant spiked club (16)]
  8706 | Orc:2    | Killed a two-headed ogre
  8969 | Orc:2    | Noticed a two-headed ogre
  8973 | Orc:2    | Received a gift from Yredelemnul (a mummy)
  8998 | Orc:2    | Killed a two-headed ogre
  9264 | Orc:1    | Noticed an orc knight
  9274 | Orc:2    | HP: 24/95 [orc warrior/enchanted dire flail[an orc knight] (16)]
  9315 | Orc:2    | Noticed a two-headed ogre
  9600 | Orc:2    | Killed a two-headed ogre
  9600 | Orc:2    | Reached skill level 12 in Fighting
  9730 | Orc:2    | Reached **** piety under Yredelemnul
 10060 | Orc:2    | HP: 27/95 [ogre/giant club[an orc knight] (11)]
 10061 | Orc:2    | Received a gift from Yredelemnul (a flying skull)
 10070 | Orc:2    | HP: 21/95 [orc knight/glaive (1)]
 10074 | Orc:2    | HP: 2/95 [orc knight/glaive (14)]
 10085 | Orc:2    | Killed an orc knight
 10789 | Orc:1    | Gained mutation: You are mostly covered in icy blue scales. (AC +3) [demonic ancestry]
 10789 | Orc:1    | Reached XP level 12. HP: 77/102 MP: 12/12
 11120 | Orc:2    | Received a gift from Yredelemnul (a wraith)
 11590 | Orc:2    | Noticed Saint Roka
 11752 | D:9      | Killed a six-headed hydra
 11752 | D:9      | Reached skill level 11 in Armour
 11767 | D:9      | Bought an uncursed ring of poison resistance for 260 gold pieces
 12517 | Lair:2   | Received a gift from Yredelemnul (a wraith)
 12566 | Lair:2   | Reached skill level 13 in Fighting
 12577 | Lair:2   | HP: 31/105 [poisoned by a spiny frog]
 12582 | Lair:2   | HP: 27/105 [poisoned by a spiny frog]
 12588 | Lair:2   | HP: 23/105 [poisoned by a spiny frog]
 12593 | Lair:2   | HP: 22/105 [poisoned by a spiny frog]
 12598 | Lair:2   | HP: 17/105 [poisoned by a spiny frog]
 12605 | Lair:2   | HP: 17/105 [poisoned by a spiny frog]
 12613 | Lair:2   | HP: 17/105 [poisoned by a spiny frog]
 12998 | Lair:2   | Noticed a five-headed hydra
 13008 | Lair:2   | Killed a five-headed hydra
 13071 | Lair:2   | Found a transporter.
 13200 | Lair:2   | Found a transporter.
 13436 | Lair:2   | Found a staircase to the Swamp.
 13688 | Lair:3   | Reached skill level 12 in Armour
 14244 | Lair:3   | Found a hole to the Spider Nest.
 14845 | Lair:4   | Noticed a six-headed hydra
 14851 | Lair:4   | Killed a six-headed hydra
 14920 | Lair:4   | HP: 29/106 [spiny frog (7)]
 14921 | Lair:4   | HP: 14/106 [spiny frog (13)]
 14922 | Lair:4   | Mangled by a spiny frog

Vault maps used:
D:1:      saegor_arrival_simple_f
D:2:      first_ration, corexii_shack
D:3:      gup_sewer_entry_bowl, uniq_jessica, uniq_sigmund
D:4:      minitemple, temple_statues, serial_shops, kennysheep_little_box,
          nicolae_ru_sacrificial_ziggurat
D:7:      basic_altar, grunt_ogre_cave, roderic_batcave, kennysheep_doodads
D:8:      basic_altar, hex_tiny
D:9:      minmay_lair_entry_lava, orc_0_dummy, minmay_shop_grid_forest
Temple:   dpeg_five_rooms_temple
Lair:2:   gammafunk_cloud_chamber, minmay_swamp_entry_reptiles
Lair:3:   spider_nest_entry_webs, pond, grunt_megastairs_4, serial_bayou_shore_a
Lair:4:   beast_lair_carwin_large_3, hangedman_lair_generics_rect,
          infiniplex_staircase_pool_2
Orc:2:    pubby_orc_utopia
Sewer:    sewer_kobolds

Skill      XL: |  1  2  3  4  5  6  7  8  9 10 11 12 |
---------------+-------------------------------------+-----
Crossbows      | 2 3 4 6 7 9 10 | 10.0
Armour         | 4 5 6 7 8 9 10 12 | 12.4
Fighting       | 4 11 12 13 | 13.9
Axes           | |  1.0
Throwing       | |  1.0
Stealth        | |  1.0

Action                   |  1- 3 |  4- 6 |  7- 9 | 10-12 || total
-------------------------+-------+-------+-------+-------++-------
Melee: Hand axe          |   105 |    81 |       |       ||   186
       Trident           |       |       |    20 |   165 ||   185
 Fire: Hand crossbow     |    23 |    94 |   312 |   452 ||   881
Throw: Throwing net      |       |     1 |       |       ||     1
Invok: Injury Mirror     |       |       |       |     2 ||     2
Evoke: Wand              |       |       |       |     1 ||     1
  Use: Scroll            |     2 |     6 |     6 |    10 ||    24
       Potion            |       |     1 |       |     4 ||     5
  Eat: Chunk             |     1 |     5 |    15 |    24 ||    45
       Ration            |       |       |       |     1 ||     1
Armor: Ring mail         |     3 |       |    24 |       ||    27
       Scale mail        |    30 |       |       |       ||    30
       Chain mail        |    49 |    83 |     6 |       ||   138
       Plate armour      |       |       |    47 |   295 ||   342
       Skin              |       |       |       |     3 ||     3
Dodge: Dodged            |    52 |    44 |    40 |   142 ||   278

Table legend:
 A = Spawn XP
 B = Non-spawn XP
 C = Spawn XP percentage of total XP
 D = Spawn monster count
 E = Non-spawn monster count
 F = Spawn count percentage of total count
 G = Total turns spent on level
                    A         B        C        D         E        F      G
               +---------+---------+-------+---------+---------+-------+---------
         Total |       0 |   30308 |   0.0 |       0 |     349 |   0.0 | 14922
               +---------+---------+-------+---------+---------+-------+---------
           D:1 |       0 |      35 |   0.0 |       0 |      13 |   0.0 |   793
           D:2 |       0 |     113 |   0.0 |       0 |      34 |   0.0 |   929
           D:3 |       0 |     624 |   0.0 |       0 |      24 |   0.0 |   801
           D:4 |       0 |     298 |   0.0 |       0 |      11 |   0.0 |   739
           D:5 |       0 |     550 |   0.0 |       0 |      12 |   0.0 |  1006
           D:6 |       0 |    1734 |   0.0 |       0 |      39 |   0.0 |   887
           D:7 |       0 |     639 |   0.0 |       0 |      28 |   0.0 |   726
           D:8 |       0 |    2070 |   0.0 |       0 |      29 |   0.0 |  1036
           D:9 |       0 |    2290 |   0.0 |       0 |      11 |   0.0 |   753
        Lair:1 |       0 |    4093 |   0.0 |       0 |      23 |   0.0 |   950
        Lair:2 |       0 |    5132 |   0.0 |       0 |      22 |   0.0 |  1227
        Lair:3 |       0 |    3533 |   0.0 |       0 |      15 |   0.0 |  1091
        Lair:4 |       0 |    2420 |   0.0 |       0 |       6 |   0.0 |   147
         Orc:1 |       0 |     871 |   0.0 |       0 |      12 |   0.0 |   924
         Orc:2 |       0 |    5791 |   0.0 |       0 |      60 |   0.0 |  2448
         Sewer |       0 |     115 |   0.0 |       0 |      10 |   0.0 |   264
               +---------+---------+-------+---------+---------+-------+---------

Table legend:
 A = Turns spent in this place as a percentage of turns spent in the entire game.
 B = Non-inter-level travel turns spent in this place as a percentage of non-inter-level travel turns spent in the entire game.
 C = Inter-level travel turns spent in this place as a percentage of turns spent in this place.
 D = Turns resting spent in this place as a percentage of non-inter-level travel turns spent in this place.
 E = Turns spent auto-exploring this place as a percentage of non-inter-level travel turns spent in this place.
 F = Non-inter-level travel turns spent in this place divided by the number of levels of this place that you've seen.
                   A       B       C       D       E      F
               +-------+-------+-------+-------+-------+----------------------
         Total | 100.0 | 100.0 |   3.6 |  23.5 |  39.7 | 846.5
       Dungeon |  51.4 |  50.9 |   4.5 |  13.7 |  48.5 | 813.7
        Temple |   1.3 |   1.2 |  15.4 |   0.0 |  84.1 | 170.0
          Lair |  22.9 |  23.0 |   3.2 |  13.8 |  47.2 | 826.8
  Orcish Mines |  22.6 |  23.1 |   1.3 |  56.7 |  12.1 | 1663.5
         Sewer |   1.8 |   1.8 |   0.0 |  13.3 |  23.5 | 264.0
               +-------+-------+-------+-------+-------+----------------------

Vault maps used:
D:1:      saegor_arrival_simple_f
D:2:      first_ration, corexii_shack
D:3:      gup_sewer_entry_bowl, uniq_jessica, uniq_sigmund
D:4:      minitemple, temple_statues, serial_shops, kennysheep_little_box,
          nicolae_ru_sacrificial_ziggurat
D:7:      basic_altar, grunt_ogre_cave, roderic_batcave, kennysheep_doodads
D:8:      basic_altar, hex_tiny
D:9:      minmay_lair_entry_lava, orc_0_dummy, minmay_shop_grid_forest
Temple:   dpeg_five_rooms_temple
Lair:2:   gammafunk_cloud_chamber, minmay_swamp_entry_reptiles
Lair:3:   spider_nest_entry_webs, pond, grunt_megastairs_4, serial_bayou_shore_a
Lair:4:   beast_lair_carwin_large_3, hangedman_lair_generics_rect,
          infiniplex_staircase_pool_2
Orc:2:    pubby_orc_utopia
Sewer:    sewer_kobolds
